 Dungeon Crawl Stone Soup version 0.26-a0-833-g7262b39652 (console) character file.

Game seed: 12164991390304424035

10957 AlterAsc the Frost Mage (level 11, -2/82 HPs)
             Began as a Green Draconian Ice Elementalist on Nov 15, 2020.
             Was a Priest of Vehumet.
             Slain by a polar bear (5 damage)
             ... in an ice cave on Nov 16, 2020.
             The game lasted 00:55:33 (13453 turns).

AlterAsc the Frost Mage (DrIE)                     Turns: 13453, Time: 00:55:34

Health: -2/82      AC: 12    Str: 11    XL:     11   Next: 43%
Magic:  23/32      EV: 12    Int: 23    God:    Vehumet [***...]
Gold:   551        SH:  4    Dex: 11    Spells: 18/27 levels left

rFire    + . .     SeeInvis .   E - +1 trident {venom, rPois MP+9 Int+4 Stlth+}
rCold    + . .     Faith    .   c - +0 buckler
rNeg     . . .     Spirit   .   (armour unavailable)
rPois    +         Reflect  .   (helmet restricted)
rElec    .         Harm     .   I - +0 cloak
rCorr    .         Rampage  .   e - +0 pair of gloves
MR       .....                  M - +2 pair of boots
Stlth    +++.......             i - amulet of regeneration
HPRegen  0.63/turn              y - ring of protection from cold
MPRegen  0.23/turn              Q - ring of protection from fire

@: no status effects
A: breathe noxious fumes, unfitting armour, poison resistance, cold-blooded, AC
+7
a: Breathe Noxious Fumes, Renounce Religion


You were in an ice cave.
You worshipped Vehumet.
Vehumet was most pleased with you.
You visited 3 branches of the dungeon, and saw 12 of its levels.
You also visited: Ice Cave.

You collected 593 gold pieces.
You spent 42 gold pieces at shops.

Inventory:

Hand Weapons
 b - a +0 spear
 l - a +2 vampiric dagger
 o - a +3 spear
 E - the +1 trident "Pufuorhul" (weapon) {venom, rPois MP+9 Int+4 Stlth+}
   (You found it on level 6 of the Dungeon)

   It poisons the flesh of those it strikes.
   It affects your intelligence (+4).
   It protects you from poison.
   It affects your magic capacity (+9).
   It makes you more stealthy.
Missiles
 R - 252 stones (quivered)
Armour
 c - a +0 buckler (worn)
 e - a +0 pair of gloves (worn)
 I - a +0 cloak (worn)
 M - a +2 pair of boots (worn)
Jewellery
 d - an uncursed amulet of faith
 g - an uncursed ring of see invisible
 i - an amulet of regeneration (around neck)
 s - an uncursed ring of flight
 y - a ring of protection from cold (left hand)
 Q - a ring of protection from fire (right hand)
Wands
 u - a wand of polymorph (12)
 L - a wand of flame (22)
 N - a wand of disintegration (7)
 O - a wand of iceblast (11)
Scrolls
 a - 4 scrolls of amnesia
 f - 3 scrolls of teleportation
 k - 4 scrolls of blinking
 n - 2 scrolls of immolation
 p - 5 scrolls of random uselessness
 C - 3 scrolls of enchant armour
 F - a scroll of brand weapon {unknown}
 G - 5 scrolls of remove curse
 H - 2 scrolls of enchant weapon
 J - a scroll of magic mapping
 K - a scroll of summoning {unknown}
 P - a scroll of fog {unknown}
 V - a scroll of silence {unknown}
 W - a scroll of holy word {unknown}
Potions
 h - 2 potions of brilliance
 j - 8 potions of flight
 m - 2 potions of berserk rage
 q - 2 potions of invisibility {unknown}
 r - 2 potions of mutation {unknown}
 t - 3 potions of heal wounds {unknown}
 v - 2 potions of resistance
 w - a potion of magic {unknown}
 x - a potion of lignification {unknown}
 z - 2 potions of curing
 B - 4 potions of haste
 D - 3 potions of might
 T - a potion of attraction {unknown}
Miscellaneous
 S - a condenser vane


   Skills:
 - Level 3.0 Fighting
 - Level 2.0 Dodging
 - Level 2.0 Stealth
 - Level 4.0 Shields
 + Level 8.6 Spellcasting
 + Level 5.5 Conjurations
 * Level 13.1 Ice Magic
 + Level 4.3 Earth Magic


You had 18 spell levels left.
You knew the following spells:

 Your Spells              Type           Power        Failure   Level
a - Freeze                Ice            ####         1%          1
b - Frozen Ramparts       Ice            ######       1%          3
c - Hailstorm             Conj/Ice       ######..     1%          4
d - Sandblast             Erth           ####..       1%          1

Your spell library contained the following spells:

 Spells                   Type           Power        Failure   Level
 Conjure Flame            Conj/Fire      ###.....     1%          3
 Ensorcelled Hibernation  Hex/Ice        #####.       1%          2
 Dazzling Flash           Conj/Hex       ###...       1%          3
 Ozocubu's Armour         Ice            ######..     1%          3
 Summon Ice Beast         Ice/Summ       #####...     4%          4
 Corona                   Hex            #......      7%          1
 Confusing Touch          Hex            #.......     21%         3
 Tukima's Dance           Hex            #.......     21%         3


Dungeon Overview and Level Annotations

Branches:
Dungeon (10/15)            Temple (1/1) D:6            Lair (1/6) D:10
  IceCv (1/1)
    Orc: D:9-12

Altars:
Ashenzari
Cheibriados
Dithmenos
Elyvilon
Fedhas
Gozag
Hepliaklqana
Kikubaaqudgha
Makhleb
Nemelex Xobeh
Okawaru
Qazlal
Ru
Sif Muna
Trog
Uskayaw
Vehumet
Wu Jian
Xom
Yredelemnul
Zin
The Shining One

Shops:
D:7 !

Annotations:
D:9 1 runed translucent door, stillor's ghost, journeyman OpTm


Innate Abilities, Weirdness & Mutations

You can breathe blasts of noxious fumes.
Your lurid green scales are hard. (AC +7)
You cannot fit into any form of body armour.
Your system is resistant to poisons. (rPois)
You are cold-blooded and may be slowed by cold attacks.


Message History

* * * LOW HITPOINT WARNING * * *
The polar bear closely misses you.
The polar bear claws you but does no damage.
Press: ? - help, v - describe, . - travel, g - get item
Here: a polar bear (almost dead, berserk, very poisoned) Item here: a wolf corpse.
The floor.
The polar bear bites you!
* * * LOW HITPOINT WARNING * * *
The polar bear claws you!
* * * LOW HITPOINT WARNING * * *
The polar bear closely misses you.
Press: ? - help, v - describe, . - travel
Here: a polar bear (almost dead, berserk, poisoned)
The floor.
Okay, then.
You barely miss the polar bear.
The polar bear is almost dead.
The polar bear barely misses you. The polar bear claws you.
You die...

###.......#
###....##
##..###
#####..##
####.#...##
##....†.###
##....####
##..####
#.@###
#..h.###
###.††.#
###....#
###....#
###.... ##.


You could see a polar bear (berserk, poisoned).

Vanquished Creatures
  2 hydras
  A two-headed ogre (D:8)
  Pikel (D:6)
  A cyclops (D:6)
  An ice statue (IceCv)
  2 rime drakes (Lair:1)
  A komodo dragon (Lair:1)
  8 polar bears (IceCv)
  5 yaks (IceCv)
  Edmund (D:6)
  A water moccasin (D:10)
  A black bear (D:7)
  5 orc warriors
  A sky beast (D:7)
  3 phantoms
  7 wolves (IceCv)
  8 ogres
  A necrophage (D:6)
  A centaur (D:10)
  A lemure (D:6)
  3 bullfrogs
  A big kobold (D:10)
  A scorpion (D:9)
  A water moccasin skeleton (D:5)
  7 killer bees (D:9)
  5 howler monkeys
  2 hounds
  4 orc priests
  4 iguanas
  14 orc wizards
  7 worker ants
  2 hound skeletons
  A howler monkey zombie (D:6)
  3 gnolls (D:2)
  2 howler monkey skeletons
  14 adders
  4 shadow imps
  4 white imps
  An ufetubus (D:5)
  A worm (D:5)
  5 leopard geckos
  46 orcs
  6 giant cockroaches
  9 goblins
  6 hobgoblins
  14 jackals
  6 quokkas
  3 ball pythons
  8 bats
  5 frilled lizards
  A giant cockroach zombie (D:5)
  9 kobolds
  7 rats
258 creatures vanquished.

Vanquished Creatures (others)
  A fungus (Lair:1)
  A plant (Lair:1)
2 creatures vanquished.

Grand Total: 260 creatures vanquished

Notes
Turn   | Place    | Note
-------+----------+-------------------------------------------
     0 | D:1      | AlterAsc the Draconian Ice Elementalist began the quest for
                  | the Orb.
     0 | D:1      | Reached XP level 1. HP: 14/14 MP: 3/3
   428 | D:1      | Reached XP level 2. HP: 13/20 MP: 1/5
  1352 | D:2      | Reached XP level 3. HP: 24/26 MP: 2/6
  1477 | D:2      | Learned a level 3 spell: Frozen Ramparts
  1492 | D:2      | Reached skill level 1 in Shields
  1718 | D:2      | Reached XP level 4. HP: 33/33 MP: 3/7
  1783 | D:2      | Reached skill level 5 in Ice Magic
  1987 | D:2      | Found an opulent altar of Gozag.
  2392 | D:3      | Found a hide-covered altar of Uskayaw.
  2470 | D:3      | Reached XP level 5. HP: 39/39 MP: 2/9
  2613 | D:3      | Reached skill level 1 in Fighting
  3111 | D:3      | Found a glowing golden altar of the Shining One.
  3255 | D:3      | Learned a level 4 spell: Hailstorm
  3676 | D:4      | Reached XP level 6. HP: 48/48 MP: 2/10
  3893 | D:4      | Reached skill level 6 in Ice Magic
  4051 | D:4      | Reached skill level 1 in Conjurations
  4202 | D:5      | Entered Level 5 of the Dungeon
  4262 | D:5      | Found an ancient bone altar of Kikubaaqudgha.
  4282 | D:5      | Your scales start taking on a lurid green colour.
  4282 | D:5      | Reached XP level 7. HP: 55/55 MP: 7/12
  4282 | D:5      | Gained mutation: Your system is resistant to poisons.
                  | (rPois) [Green Draconian growth]
  4375 | D:5      | Found a bloodstained altar of Trog.
  4541 | D:5      | Found an opulent altar of Gozag.
  4897 | D:5      | Reached skill level 7 in Ice Magic
  4988 | D:5      | Found a burning altar of Makhleb.
  5269 | D:6      | Found a staircase to the Ecumenical Temple.
  5281 | Temple   | Entered the Ecumenical Temple
  5608 | D:6      | Found a radiant altar of Vehumet.
  5618 | D:6      | Became a worshipper of Vehumet
  5629 | D:6      | Reached XP level 8. HP: 61/61 MP: 14/14
  5877 | D:6      | Noticed a cyclops
  6280 | D:6      | Noticed Edmund
  6287 | D:6      | Killed Edmund
  6503 | D:6      | Reached skill level 8 in Ice Magic
  6609 | D:6      | Found a shimmering blue altar of Sif Muna.
  6855 | D:6      | Got a jewelled trident
  6858 | D:6      | Identified the +1 trident "Pufuorhul" {venom, rPois MP+9
                  | Int+4 Stlth+} (You found it on level 6 of the Dungeon)
  6903 | D:6      | Noticed Pikel
  6910 | D:6      | Killed Pikel
  6911 | D:6      | Reached skill level 5 in Spellcasting
  6911 | D:6      | Reached skill level 9 in Ice Magic
  6911 | D:6      | Reached XP level 9. HP: 56/67 MP: 14/17
  7441 | D:7      | Reached * piety under Vehumet
  7441 | D:7      | Offered knowledge of Foxfire by Vehumet.
  7667 | D:7      | Found a white marble altar of Elyvilon.
  7684 | D:7      | Found a sacrificial altar of Ru.
  7931 | D:7      | Found Izit's Distillery.
  7958 | D:7      | Bought a potion of curing for 42 gold pieces
  8115 | D:7      | Reached skill level 10 in Ice Magic
  8347 | D:8      | Found a shimmering blue altar of Sif Muna.
  8774 | D:8      | Noticed a two-headed ogre
  8878 | D:8      | Killed a two-headed ogre
  8879 | D:8      | Reached skill level 11 in Ice Magic
  8879 | D:8      | Reached XP level 10. HP: 73/73 MP: 17/20
  9566 | D:9      | Noticed a seven-headed hydra
  9576 | D:9      | Killed a seven-headed hydra
  9576 | D:9      | Reached ** piety under Vehumet
  9631 | D:9      | Offered knowledge of Sandblast by Vehumet.
  9655 | D:9      | Learned a level 1 spell: Sandblast
  9707 | D:9      | Found a blossoming altar of Fedhas.
  9892 | D:9      | Noticed stillor's ghost (journeyman OpTm)
  9896 | D:9      | Found a runed translucent door.
 10026 | D:9      | Found a shimmering altar of Xom.
 10027 | D:9      | Found a shimmering altar of Xom.
 10055 | D:9      | Reached skill level 1 in Earth Magic
 10337 | D:9      | Found an iron altar of Okawaru.
 11422 | D:6      | Killed a cyclops
 11423 | D:6      | Reached skill level 12 in Ice Magic
 11697 | D:10     | Entered Level 10 of the Dungeon
 11700 | D:10     | Upgraded the game from 0.26-a0-830-g2a559e7be2 to
                  | 0.26-a0-833-g7262b39652
 11888 | D:10     | Found a staircase to the Lair.
 12447 | Lair:1   | Entered Level 1 of the Lair of Beasts
 12457 | Lair:1   | Noticed a five-headed hydra
 12474 | Lair:1   | Killed a five-headed hydra
 12511 | Lair:1   | Found a frozen archway.
 12518 | Lair:1   | Reached XP level 11. HP: 71/82 MP: 12/23
 12600 | IceCv    | Entered an ice cave
 12609 | IceCv    | Offered knowledge of Conjure Flame by Vehumet.
 12652 | IceCv    | Reached skill level 5 in Conjurations
 12920 | IceCv    | Reached *** piety under Vehumet
 12957 | IceCv    | Reached skill level 13 in Ice Magic
 13452 | IceCv    | HP: 2/82 [polar bear (7)]
 13453 | IceCv    | Slain by a polar bear

Illustrated notes

Levels and vault maps discovered:
D:1:      dpeg_arrival_simpleton_b, layout_loops_ring
D:2:      layout_basic, general_overflow_altar
D:3:      cheibrodos_pilgrimage, layout_basic, nicolae_overflow_crystal_walls,
          tso_oasis_becter, kennysheep_generic_room_8
D:4:      layout_basic
D:5:      layout_basic, kennysheep_little_box, kiku_gazebo_garden_becter,
          bloody_trog, chequers_mini_garden, minmay_ruined_shrine
D:6:      kennysheep_orc_sif_temple, layout_basic, vehumet_crystals,
          minmay_temple_entry_ruins, minivault_10, minmay_microvault,
          uniq_edmund, uniq_pikel
D:7:      layout_basic, kennysheep_mini, lemuel_round_altar, serial_shops,
          nicolae_shop_waterfront, nicolae_zen_rock_garden
D:8:      layout_basic, old_standard_altar
D:9:      layout_loops_ring, xom_redecorated, okawaru_trees_2,
          hellmonk_ghost_happy_afterlife, grunt_ministairs_4, fedhas_altar_1
D:10:     layout_rooms, lair_entry_dummy, serial_rivers,
          chequers_serial_rivers_small_b, chequers_serial_rivers_room_a,
          chequers_serial_rivers_micro_d, chequers_serial_rivers_micro_a,
          chequers_serial_rivers_small_3, chequers_serial_rivers_small_b
Temple:   jpeg_temple_alley_garden
Lair:1:   layout_hall_layers, portal_ice_cave_rime
IceCv:    ice_cave_small_giant

Skill      XL: |  1  2  3  4  5  6  7  8  9 10 11 |
---------------+----------------------------------+-----
Dodging        | 2 |  2.0
Stealth        | 2 |  2.0
Shields        | 1 2 3 4 |  4.0
Ice Magic      | 5 6 7 9 11 12 13 | 13.1
Fighting       | 1 2 3 |  3.0
Spellcasting   | 3 4 5 7 8 |  8.6
Conjurations   | 1 2 4 5 |  5.5
Earth Magic    | 3 4 |  4.3

Action                   |  1- 3 |  4- 6 |  7- 9 | 10-12 || total
-------------------------+-------+-------+-------+-------++-------
Melee: Spear             |    38 |    28 |    78 |       ||   144
       Tailslap          |     1 |     1 |    11 |    16 ||    29
       Trident           |       |       |    18 |    70 ||    88
 Cast: Freeze            |    49 |    38 |    48 |    47 ||   182
       Frozen Ramparts   |     1 |    25 |    39 |    22 ||    87
       Hailstorm         |       |       |    33 |    58 ||    91
       Sandblast         |       |       |       |    10 ||    10
  Use: Scroll            |       |     8 |     5 |     6 ||    19
       Potion            |       |     1 |       |     4 ||     5
 Stab: Sleeping          |     2 |     3 |     2 |       ||     7
Armor: Skin              |    29 |    13 |    34 |    55 ||   131
Dodge: Dodged            |    45 |    27 |    55 |    89 ||   216
Block: Buckler           |     5 |     5 |    23 |    27 ||    60

Table legend: (Time is in decaauts)
 A = Elapsed time spent in this place.
 B = Non-inter-level travel time spent in this place.
 C = Inter-level travel time spent in this place.
 D = Time resting spent in this place.
 E = Time spent auto-exploring this place.
 F = Levels seen in this place.
 G = Mean time per level.
                   A        B        C        D        E       F      G
               +--------+--------+--------+--------+--------+-----+--------+
         Total |  13542 |  12276 |   1266 |   2332 |   7328 |  13 | 1041.7 |
       Dungeon |  12296 |  11103 |   1193 |   1754 |   6978 |  10 | 1229.6 |
        Temple |    217 |    164 |     53 |      0 |    163 |   1 |  217.0 |
          Lair |    153 |    133 |     20 |     80 |      0 |   1 |  153.0 |
      Ice Cave |    875 |    875 |      0 |    498 |    187 |   1 |  875.0 |
               +--------+--------+--------+--------+--------+-----+--------+

Top non-repeatable levels by time:
     D:6: 1995 daAuts
     D:3: 1475 daAuts
     D:7: 1370 daAuts
     D:1: 1346 daAuts
     D:8: 1342 daAuts
     D:2: 1178 daAuts
     D:9: 1109 daAuts
     D:5: 1100 daAuts
   IceCv: 875 daAuts
    D:10: 756 daAuts
     D:4: 621 daAuts
  Temple: 217 daAuts
  Lair:1: 153 daAuts
